 Dungeon Crawl Stone Soup version 0.29-a0-887-gcbe080d7e0 (webtiles) character file.

Game seed: 16406516955824992306

164 zeratav the Stinger (level 5, 0/31 HPs)
             Began as an Octopode Venom Mage on July 21, 2022.
             Was an Initiate of Gozag.
             Constricted to death by a ball python (1 damage)
             ... on level 4 of the Dungeon.
             The game lasted 00:04:04 (2973 turns).

zeratav the Stinger (Octopode Venom Mage)           Turns: 2973, Time: 00:04:04

Health: 0/31       AC:  1    Str:  5 (7)  XL:     5   Next: 45%
Magic:  7/8        EV: 10    Int: 16 (19) God:    Gozag
Gold:   145        SH:  0    Dex: 12 (13) Spells: 5/8 levels left

rFire   . . .      SeeInvis .   c - +0 dagger {short}
rCold   . . .      Faith    .   (no shield)
rNeg    . . .      Spirit   .   (helmet restricted)
rPois   .          Reflect  .   (no amulet)
rElec   .          Harm     .   (no ring)
rCorr   .          Rampage  .   (no ring)
Will    .....                   (no ring)
Stlth   ++........              (no ring)
HPRegen 0.10/turn               (no ring)
MPRegen 0.11/turn               (no ring)
                                (no ring)
                                (no ring)

@: confused, constricted
A: almost no armour, amphibious, 8 rings, camouflage 1, gelatinous body 1,
(nimble swimmer 1), tentacles
a: Renounce Religion, Potion Petition, Call Merchant, Bribe Branch


You were on level 4 of the Dungeon.
You worshipped Gozag.
Gozag was aware of your devotion.
You visited 2 branches of the dungeon, and saw 4 of its levels.

You collected 212 gold pieces.
You paid 67 gold pieces to Gozag.


Innate Abilities, Weirdness & Mutations

You cannot wear most types of armour.
You are amphibious.
You can wear up to eight rings at the same time.
Your skin changes colour to match your surroundings (Stealth+).
Your rubbery body absorbs attacks. (AC +1, EV +1)
((You are camouflaged when in or above water. (Stealth+)))
You have tentacles for arms and can constrict up to eight enemies at once.


   Skills:
 - Level 2.0 Dodging
 - Level 5.0 Stealth
 - Level 2.0 Spellcasting
 - Level 1.0 Transmutations
 + Level 6.2 Poison Magic


You had 5 spell levels left.
You knew the following spells:

 Your Spells              Type           Power      Damage    Failure   Level
a - Sting                 Tmut/Pois      52%        1d5       4%          1
b - Poisonous Vapours     Pois/Air       22%        N/A       9%          2

Your spell library contained the following spells:

 Spells                   Type           Power      Damage    Failure   Level
 Olgreb's Toxic Radiance  Pois           21%        N/A       16%         4
 Mephitic Cloud           Conj/Pois/Air  8%         N/A       26%         3

Inventory:

Hand Weapons
 c - a +0 dagger (weapon) {short}
   (You took it off a kobold on level 1 of the Dungeon)
Scrolls
 e - 6 scrolls of identify {unknown}
 g - 2 scrolls of magic mapping {unknown}
 k - a scroll of enchant armour {unknown}
 l - a scroll of vulnerability {unknown}
 n - a scroll of teleportation {unknown}
Potions
 a - a potion of magic
 b - a potion of degeneration {!q}
 d - a potion of flight {unknown}
 f - 2 potions of attraction {unknown}
 h - a potion of cancellation {unknown}
 i - a potion of mutation {unknown}
 j - a potion of heal wounds {unknown}
 m - a potion of invisibility {unknown}

Dungeon Overview and Level Annotations

Branches:
Dungeon (4/15) Zot: 15151  Temple (1/1) D:4 Zot: 5875

Altars:
Ashenzari
Cheibriados
Gozag
Hepliaklqana
Kikubaaqudgha
Makhleb
Nemelex Xobeh
Qazlal
Ru
Trog
Vehumet
Yredelemnul
The Shining One

.....o.o#.....###
..............#
o##...$.###.o.#
#.....#.#..##
#.....#.....# #### #
....##.......# ...#.#
..#.......#...# #...... .
#.......##S###...#...
...#........#@....#####
#...##.#.o.S...#...#
.....####....##.....#
...#...#..............
≈.. .....###..........
^.≈###...##...........
^.§§.^≈...##.........#
.(§#..≈..##...........
^^...≈(^.≈.##............


You could see an orc and a ball python.


Message History

The orc barely misses you.
An orc wizard comes into view. It is wielding a +2 dagger of speed.
MP[-1]
You lost 1 mp, and now have 7/8 mp.
The sting hits the orc.
The orc looks even sicker.
The orc closely misses you.
The orc wizard mumbles some strange words.
The orc wizard flickers and vanishes!
Deactivating autopickup; reactivate with Ctrl-A.
MP[-1]
You lost 1 mp, and now have 6/8 mp.
The sting hits the orc.
The orc looks even sicker.
You kill the orc!
The ball python closely misses you. The ball python grabs you.
The ball python constricts you.
An orc comes into view. It is wielding a +0 falchion.
HP[-1] MP[-1]
You take 1 damage, and now have 30/31 hp.
You lost 1 mp, and now have 5/8 mp.
You hit the ball python. You grab the ball python.
You squeeze the ball python, but do no damage.
You constrict the ball python. The ball python bites you.
The ball python constricts you.
The orc is distracted by your dazzling golden aura.
HP[-2]
You take 2 damage, and now have 28/31 hp.
You escape the ball python's grasp.
You release your grip on the ball python.
HP[+1]
The ball python barely misses you. The ball python grabs you.
The ball python constricts you.
You see here a scroll labelled ACEYCK GEKHU.
HP[-1]
You take 1 damage, and now have 28/31 hp.
e - 6 scrolls labelled ACEYCK GEKHU (gained 1)
The ball python bites you. The ball python constricts you.
HP[-4] MP[+1]
You take 4 damage, and now have 24/31 hp.
You escape the ball python's grasp.
You see here 5 gold pieces.
You now have 145 gold pieces (gained 5).
An orc comes into view. It is wielding a +3 whip.
The ball python barely misses you. The ball python grabs you.
The ball python constricts you.
HP[-1]
You take 1 damage, and now have 23/31 hp.
You escape the ball python's grasp.
The ball python bites you. The ball python grabs you.
The ball python constricts you.
HP[-2]
You take 2 damage, and now have 21/31 hp.
You escape the ball python's grasp.
Something hits you.
An orc comes into view. It is wielding a +0 short sword.
HP[-2]
You take 2 damage, and now have 19/31 hp.
Something hits you.
HP[-2]
You take 2 damage, and now have 17/31 hp.
The orc attacks as you move away! The orc barely misses you.
HP[+1]
Something hits you.
* * * LOW HITPOINT WARNING * * *
HP[-3]
You take 3 damage, and now have 15/31 hp.
MP[+1]
Something hits you.
* * * LOW HITPOINT WARNING * * *
The orc shouts!
You hear a shout!
HP[-2]
You take 2 damage, and now have 13/31 hp.
The orc attacks as you move away! The orc closely misses you.
Something hits you.
* * * LOW HITPOINT WARNING * * *
HP[-3]
You take 3 damage, and now have 10/31 hp.
You barely miss something. Something hits you.
* * * LOW HITPOINT WARNING * * *
Something hits you.
* * * LOW HITPOINT WARNING * * *
HP[-4]
You take 4 damage, and now have 6/31 hp.
You hit something but do no damage. You hit the orc but do no damage.
You grab the orc.
You constrict the orc, but do no damage.
Something hits you.
* * * LOW HITPOINT WARNING * * *
The orc misses you.
You hear some strange, mumbled words.
You are confused.
HP[-5]
You take 5 damage, and now have 1/31 hp.
Okay, then.
You are too confused!
It was a potion of degeneration.
There was something very wrong with that liquid.
You feel weakened.
You feel dopey.
You feel clumsy.
You constrict the orc. The ball python bites you.
* * * LOW HITPOINT WARNING * * *
The ball python grabs you. The ball python constricts you.
You die...
Your body crumbles into a pile of gold.

Skill      XL: |  1  2  3  4 |
---------------+-------------+-----
Stealth        | 3 4 5 |  5.0
Poison Magic   | 4 6 |  6.2
Dodging        | |  2.0
Spellcasting   | |  2.0
Transmutations | |  1.0

Action                   |  1- 3 |  4- 6 || total
-------------------------+-------+-------++-------
Melee: Dagger            |    55 |     8 ||    63
       Constrict         |    13 |     2 ||    15
       Tentacles         |     5 |     2 ||     7
 Cast: Sting             |    30 |    22 ||    52
       Poisonous Vapours |       |     3 ||     3
  Use: Potion            |       |     1 ||     1
 Stab: Sleeping          |    10 |       ||    10
Armor: Skin              |    18 |     1 ||    19
Dodge: Dodged            |    71 |    12 ||    83

Levels and vault maps discovered:
D:1:      scummos_arrival_checkerplants, layout_loops_ring,
          shapermc_ecumenical_altar_mp_vishouse, minmay_door_square
D:2:      kennysheep_the_goblin_king, layout_rooms, uniq_sigmund
D:4:      layout_cave_pools, nemelex_xobeh_ov_fountains_minmay,
          grunt_qazlal_sundering, minmay_temple_entry_glass
Temple:   minmay_freezing_vapour_temple

Notes
Turn   | Place    | Note
-------+----------+-------------------------------------------
     0 | D:1      | zeratav the Octopode Venom Mage began the quest for the
                  | Orb.
     0 | D:1      | Reached XP level 1. HP: 11/11 MP: 3/3
     0 | D:1      | magus.rc [v1.9.6]
   111 | D:1      | HP: 2/11 [dart slug (1)]
   116 | D:1      | Reached skill level 3 in Stealth
   529 | D:1      | Reached skill level 4 in Poison Magic
   529 | D:1      | Reached XP level 2. HP: 17/17 MP: 1/5
   956 | D:1      | Found a faded altar of an unknown god.
  1159 | D:1      | HP: 3/17 [kobold/+0 dagger (3)]
  1468 | D:1      | Reached XP level 3. HP: 21/21 MP: 6/6
  1525 | D:1      | Reached skill level 4 in Stealth
  1755 | D:2      | HP: 5/21 [poisoned by an adder]
  1758 | D:2      | HP: 2/21 [poisoned by an adder]
  2329 | D:2      | Reached XP level 4. HP: 27/27 MP: 5/7
  2393 | D:2      | You fall into a shaft and drop 2 floors!
  2414 | D:4      | Found a sparkling altar of Nemelex Xobeh.
  2485 | D:4      | Found a staircase to the Ecumenical Temple.
  2493 | D:4      | Reached skill level 5 in Stealth
  2493 | D:4      | Reached skill level 5 in Poison Magic
  2499 | Temple   | Entered the Ecumenical Temple
  2504 | Temple   | Became a worshipper of Gozag Ym Sagoz the Greedy
  2747 | D:4      | Found a stormy altar of Qazlal.
  2852 | D:4      | Noticed a scorpion
  2859 | D:4      | Learned a level 2 spell: Poisonous Vapours
  2864 | D:4      | Killed a scorpion
  2865 | D:4      | Reached skill level 6 in Poison Magic
  2865 | D:4      | Reached XP level 5. HP: 31/31 MP: 1/8
  2970 | D:4      | HP: 7/31 [something (3)]
  2972 | D:4      | HP: 1/31 [something (5)]
  2973 | D:4      | Constricted to death by a ball python

Vanquished Creatures
  A scorpion (D:4)
  A hound (D:4)
  3 adders (D:2)
  A worm (D:4)
  2 dart slugs (D:1)
  An orc (D:4)
  5 ball pythons
  4 bats
  2 endoplasms
  3 giant cockroaches
  3 hobgoblins
  4 quokkas
  A frilled lizard (D:1)
  4 goblins
  3 kobolds
  5 rats
43 creatures vanquished.

Table legend:
 A = Non-vault XP
 B = Vault XP
 C = Vault XP percentage of total XP
 D = Non-vault monster count
 E = Vault monster count
 F = Vault count percentage of total count
                 A         B        C        D         E       F
            +---------+---------+-------+---------+---------+-------
      Total |     235 |       0 |   0.0 |      43 |       0 |   0.0
            +---------+---------+-------+---------+---------+-------
        D:1 |      41 |       0 |   0.0 |      23 |       0 |   0.0
        D:2 |      51 |       0 |   0.0 |      11 |       0 |   0.0
        D:4 |     143 |       0 |   0.0 |       9 |       0 |   0.0
            +---------+---------+-------+---------+---------+-------

Illustrated notes

Table legend:
 A = Kills in this place as a percentage of kills in entire the game.
 B = Kills by you in this place as a percentage of kills by you in the entire game.
 C = Kills by friends in this place as a percentage of kills by friends in the entire game.
 D = Other kills in this place as a percentage of other kills in the entire game.
 E = Experience gained in this place as a percentage of experience gained in the entire game.
 F = Experience gained in this place divided by the number of levels of this place that you have seen.
                   A       B       C       D       E      F
               +-------+-------+-------+-------+-------+----------------------
         Total | 100.0 | 100.0 |   N/A |   N/A | 100.0 |  58.8
       Dungeon | 100.0 | 100.0 |   N/A |   N/A | 100.0 |  78.3
               +-------+-------+-------+-------+-------+----------------------

Table legend: (Time is in decaauts)
 A = Elapsed time spent in this place.
 B = Non-inter-level travel time spent in this place.
 C = Inter-level travel time spent in this place.
 D = Time resting spent in this place.
 E = Time spent auto-exploring this place.
 F = Levels seen in this place.
 G = Mean time per level.
                   A        B        C        D        E       F      G
               +--------+--------+--------+--------+--------+-----+--------+
         Total |   2972 |   2935 |     37 |    535 |   2032 |   4 |  743.0 |
       Dungeon |   2847 |   2810 |     37 |    421 |   2032 |   3 |  949.0 |
        Temple |    124 |    124 |      0 |    114 |      0 |   1 |  124.0 |
               +--------+--------+--------+--------+--------+-----+--------+

Top non-repeatable levels by time:
     D:1: 1717 daAuts
     D:2: 674 daAuts
     D:4: 455 daAuts
  Temple: 124 daAuts
